 Dungeon Crawl Stone Soup version 0.28-a0-1334-g1c9ffb4daf (webtiles) character file.

Game seed: 5898668613419259859

12730 Astera the Fighter (level 11, -2/96 HPs)
             Began as a Palentonga Fighter on Dec 28, 2021.
             Was a Priest of Ignis.
             Slain by a slime creature (12 damage)
             ... on level 11 of the Dungeon.
             The game lasted 00:35:06 (12127 turns).

Astera the Fighter (Palentonga Fighter)            Turns: 12127, Time: 00:35:07

Health: -2/96      AC: 16    Str: 22      XL:     11   Next: 66%
Magic:  20/20      EV:  8    Int:  8      God:    Ignis [***...]
Gold:   520        SH:  6    Dex: 11 (12) Spells: 10/10 levels left

rFire   + . .      SeeInvis +   s - +7 Throatcutter {drain, coup de grace}
rCold   + . .      Faith    .   c - +0 buckler
rNeg    . . .      Spirit   .   d - +1 ring mail {rC+}
rPois   +          Reflect  .   y - +0 helmet
rElec   .          Harm     .   (no cloak)
rCorr   .          Rampage  .   (no gloves)
Will    .....                   (no barding)
Stlth   +.........              G - amulet of magic regeneration
HPRegen 0.26/turn               x - ring of magical power
MPRegen 0.57/turn               A - ring of poison resistance

@: curled up
A: large, rugged brown scales 3, see invisible, deformed body, roll 1, armoured
tail, reflexive curl
a: Rolling Charge, Renounce Religion, Fiery Armour, Foxfire Swarm, Rising Flame


You were on level 11 of the Dungeon.
You worshipped Ignis.
Ignis was most pleased with you.
You visited 2 branches of the dungeon, and saw 13 of its levels.

You collected 520 gold pieces.

Inventory:

Hand Weapons
 a - a +1 war axe
 s - the +7 Throatcutter (weapon) {drain, coup de grace}
   (You found it on level 3 of the Dungeon)

   A truly terrible weapon, it drains the life of any living foe it strikes.
   It may instantly kill foes which have little health.
Missiles
 K - 4 boomerangs of dispersal
Armour
 c - a +0 buckler (worn)
 d - a +1 ring mail of cold resistance (worn)
 o - a +0 troll leather armour
 y - a +0 helmet (worn)
 F - a +0 plate armour
Jewellery
 x - a ring of magical power (left hand)
 A - a ring of poison resistance (right hand)
 G - an amulet of magic regeneration (around neck)
 H - a ring of magical power
Wands
 b - a wand of digging (3)
 B - a wand of charming (18)
Scrolls
 g - a scroll of fog
 h - a scroll of summoning {unknown}
 j - 2 scrolls of enchant weapon
 k - a scroll of fear
 l - a scroll of identify
 m - a scroll of enchant armour {unknown}
 n - a scroll of holy word {unknown}
 u - 2 scrolls of torment {unknown}
 v - 3 scrolls of teleportation
 C - 4 scrolls of blinking {unknown}
 D - a scroll of magic mapping {unknown}
 E - a scroll of vulnerability {unknown}
 J - a scroll of amnesia {unknown}
Potions
 e - 3 potions of mutation
 f - 5 potions of curing
 i - a potion of berserk rage {unknown}
 p - a potion of ambrosia {unknown}
 q - 2 potions of lignification
 r - 4 potions of flight
 t - 2 potions of heal wounds {unknown}
 w - a potion of resistance {unknown}
 z - 2 potions of attraction {unknown}
 I - a potion of magic {unknown}


   Skills:
 + Level 10.0 Fighting
 + Level 9.2 Long Blades
 - Level 2.9 Axes
 + Level 8.4 Armour
 + Level 8.4 Shields


You had 10 spell levels left.
You didn't know any spells.
Your spell library contained the following spells:

 Spells                   Type           Power      Damage    Failure   Level
 Magic Dart               Conj           0%         1d3       54%         1
 Poisonous Vapours        Pois/Air       0%         N/A       67%         2
 Searing Ray              Conj           0%         2d4       67%         2
 Mephitic Cloud           Conj/Pois/Air  0%         N/A       88%         3
 Spider Form              Tmut/Pois      0%         N/A       88%         3
 Summon Guardian Golem    Hex/Summ       0%         N/A       88%         3
 Animate Dead             Necr           0%         N/A       99%         4
 Fulminant Prism          Conj/Hex       0%         3d6       99%         4
 Olgreb's Toxic Radiance  Pois           0%         N/A       99%         4
 Haunt                    Necr/Summ      0%         N/A       100%        7
 Orb of Destruction       Conj           0%         N/A       100%        7
 Spellforged Servitor     Conj/Summ      0%         N/A       100%        7
 Infestation              Necr           0%         N/A       100%        8


Dungeon Overview and Level Annotations

Branches:
Dungeon (12/15)            Temple (1/1) D:6            Lair (0/6) D:11
    Orc (0/2) D:11

Altars:
Ashenzari
Cheibriados
Dithmenos
Elyvilon
Fedhas
Gozag
Hepliaklqana
Kikubaaqudgha
Makhleb
Nemelex Xobeh
Okawaru
Qazlal
Ru
Sif Muna
Trog
Uskayaw
Vehumet
Wu Jian
Xom
Yredelemnul
Zin
The Shining One
Ignis

Shops:
D:3 [

Annotations:
D:11 Urug


Innate Abilities, Weirdness & Mutations

You are completely covered in rugged brown scales. (AC +3, +7% HP)
You have supernaturally acute eyesight. (SInv)
Armour fits poorly on your strangely shaped body.
You can roll at nearby foes to attack.
You have a long armoured tail.
You curl defensively after being hit. (AC +7*)


Message History

The orange demon stings you from afar.
You are poisoned.
The orange demon poisons you! The quasit barely misses you.
The quasit claws you but does no damage. x2
Unknown command.
You slice the kobold demonologist!!
You kill the kobold demonologist!
The orange demon disappears in a puff of smoke!
The quasit disappears in a puff of smoke!
You feel extremely sick.
Your Fighting skill increases to level 10!
You hit the gargoyle.
The gargoyle is lightly damaged.
You feel very sick.
Two slime creatures merge to form a large slime creature.
The gargoyle hits you with a +0 mace!
You slash the gargoyle!
The gargoyle is heavily damaged.
You feel very sick.
Two slime creatures merge to form a very large slime creature.
You hit the gargoyle.
You put the gargoyle out of its misery!
You destroy the gargoyle!
You feel very sick.
You feel your dexterity returning.
You feel very sick.
A very large slime creature splits.
There is a stone staircase leading up, spattered with blood here.
You feel sick. The large slime creature hits you!!
* * * LOW HITPOINT WARNING * * *
The slime creature hits you.
* * * LOW HITPOINT WARNING * * *
You climb upwards.
Level annotation: Urug You feel sick.
There is a stone staircase leading down here.
You feel sick. You block the slime creature's attack.
You feel better. The large slime creature hits you!
* * * LOW HITPOINT WARNING * * *
The slime creature hits you!
You die...

##...###.......##...#...... ###
##.....##...<...##...'......
##>###..P....#####...##...#......
.....#.P..P..#...######...#......
.###...........#......#...#..####
...............#...##.#####..# #
.........>.....#...##.#####..####
................J..##.#...#......
...............J@..##.#...#......
#....#.PP....####.....#...#....#.
#....#..P.P(.#..#.....#...#....#.
#....##.....##..#.....#...#....#.
#....###...###..'.....'...#......
#....###........#.###.#...#......
.......()#......#.# #.#...#......
......(..+......#(# #.#...#......
.##'######......#.# #.#...#......


You could see a large slime creature and a slime creature.

Vanquished Creatures
  A centaur warrior (D:10)
  3 two-headed ogres
  A manticore (D:11)
  2 gargoyles
  2 kobold demonologists (D:12)
  A komodo dragon (D:11)
  3 trolls (D:11)
  A hornet (D:10)
  3 wyverns
  5 yaks
  A steam dragon (D:8)
  Duvessa (D:4)
  3 water moccasins
  3 orc warriors
  A hornet zombie (D:8)
  4 ice beasts
  3 black bears
  2 necrophages
  3 sky beasts
  3 ogres
  8 centaurs
  A phantom (D:6)
  2 kobold brigands
  2 bullfrogs
  A wyvern zombie (D:7)
  4 scorpions
  Dowan (D:4)
  6 killer bees (D:9)
  13 wights
  A howler monkey (D:6)
  6 centaur zombies
  6 hounds
  3 iguanas
  4 orc wizards
  A killer bee zombie (D:9)
  2 hound skeletons
  3 howler monkey zombies (D:9)
  4 gnolls (D:5)
  11 adders
  A shadow imp (D:7)
  A white imp (D:6)
  An ufetubus (D:5)
  An adder skeleton (D:4)
  A worm (D:3)
  4 dart slugs
  13 orcs
  8 bats
  An endoplasm (D:4)
  3 giant cockroaches
  10 goblins
  9 hobgoblins
  10 kobolds
  A quokka (D:1)
  6 ball pythons
  8 frilled lizards
  6 rats
209 creatures vanquished.

Vanquished Creatures (others)
  46 foxfires
46 creatures vanquished.

Grand Total: 255 creatures vanquished

Notes
Turn   | Place    | Note
-------+----------+-------------------------------------------
     0 | D:1      | Astera the Palentonga Fighter began the quest for the Orb.
     0 | D:1      | Reached XP level 1. HP: 19/19 MP: 1/1
    88 | D:1      | Reached XP level 2. HP: 24/25 MP: 2/2
   580 | D:1      | Found a faded altar of an unknown god.
   587 | D:1      | Prayed at the altar of an unknown god.
   587 | D:1      | Became a worshipper of Ignis, the Dying Flame
   871 | D:2      | Found a sacrificial altar of Ru.
   884 | D:2      | Reached XP level 3. HP: 31/31 MP: 3/3
  1557 | D:3      | Reached XP level 4. HP: 34/37 MP: 4/4
  1980 | D:3      | Found the +7 Throatcutter {drain, coup de grace}
  2146 | D:3      | Found Akiah's Antique Armour Shop.
  2415 | D:4      | Noticed an ogre
  2419 | D:4      | Killed an ogre
  2420 | D:4      | Reached skill level 4 in Fighting
  2420 | D:4      | Reached skill level 1 in Long Blades
  2420 | D:4      | Reached XP level 5. HP: 27/44 MP: 5/5
  3001 | D:4      | Reached XP level 6. HP: 51/51 MP: 6/6
  3030 | D:4      | Noticed Duvessa
  3036 | D:4      | Killed Duvessa
  3039 | D:4      | Noticed Dowan
  3043 | D:4      | Killed Dowan
  3075 | D:5      | Entered Level 5 of the Dungeon
  3145 | D:5      | Gained mutation: You curl defensively after being hit. (AC
                  | +7*) [Palentonga growth]
  3145 | D:5      | Reached XP level 7. HP: 58/58 MP: 6/7
  3166 | D:5      | Reached skill level 5 in Fighting
  3964 | D:5      | Reached XP level 8. HP: 63/67 MP: 8/8
  4127 | D:6      | Reached skill level 6 in Fighting
  4127 | D:6      | Reached skill level 5 in Armour
  4311 | D:6      | Reached skill level 5 in Shields
  4331 | D:6      | Found the +4 dagger "Morg" {pain, Will+ Int+5}
  4353 | D:6      | Found a staircase to the Ecumenical Temple.
  4438 | Temple   | Entered the Ecumenical Temple
  4966 | D:6      | Reached skill level 5 in Long Blades
  5205 | D:6      | You fall into a shaft and drop 3 floors!
  5229 | D:9      | Noticed a two-headed ogre
  5379 | D:9      | Reached XP level 9. HP: 75/75 MP: 9/9
  5470 | D:9      | Reached skill level 7 in Fighting
  5597 | D:9      | Killed a two-headed ogre
  7062 | D:7      | Reached XP level 10. HP: 78/85 MP: 10/10
  7090 | D:7      | Got Sif Muna's Incunabulum of Intoxication
  7111 | D:7      | Found a sacrificial altar of Ru.
  7139 | D:7      | Reached skill level 8 in Fighting
  8222 | D:8      | Noticed a two-headed ogre
  8234 | D:8      | Killed a two-headed ogre
  9198 | D:10     | Entered Level 10 of the Dungeon
  9332 | D:10     | Noticed a centaur warrior
  9332 | D:10     | Noticed a two-headed ogre
  9339 | D:10     | Killed a centaur warrior
  9344 | D:10     | Killed a two-headed ogre
  9345 | D:10     | Reached skill level 9 in Fighting
  9875 | D:10     | Reached XP level 11. HP: 82/95 MP: 11/11
 10499 | D:11     | Noticed Urug
 10632 | D:11     | Found a staircase to the Lair.
 11034 | D:11     | Found a staircase to the Orcish Mines.
 12041 | D:12     | Noticed an eight-headed hydra
 12120 | D:12     | Reached skill level 10 in Fighting
 12127 | D:11     | Slain by a slime creature

Illustrated notes

Levels and vault maps discovered:
D:1:      minmay_arrival_radiant_lines, layout_basic,
          hellmonk_ecumenical_altar_zigzags
D:2:      layout_loops_ring, kennysheep_flooded_box
D:3:      layout_basic, serial_shops, nicolae_shop_hallway_stairs
D:4:      layout_rooms, st_stairs_3, kennysheep_path_1, uniq_duvessa
D:5:      layout_rooms
D:6:      layout_cave_pods, minmay_temple_entry_hall, minmay_misc_feat_rugged,
          grunt_ministairs_15
D:7:      layout_loops_ring, mainiacjoe_overflow_chevrons
D:8:      layout_loops_ring
D:9:      layout_basic
D:10:     layout_roguey
D:11:     layout_stronghold, david_lair_generic, orc_0_dummy, uniq_urug
D:12:     layout_roguey, serial_glass, glass_columns_a, glass_columns_c,
          kiku_gazebo_pond_becter, uniq_sonja
Temple:   compressed_dpeg_triangle_lava_temple

Skill      XL: |  1  2  3  4  5  6  7  8  9 10 11 |
---------------+----------------------------------+-----
Armour         | 3 4 5 6 7 8 |  8.4
Shields        | 3 4 5 6 7 8 |  8.4
Fighting       | 4 5 6 7 9 10 | 10.0
Long Blades    | 1 2 3 5 6 8 9 |  9.2
Axes           | |  2.9

Action                   |  1- 3 |  4- 6 |  7- 9 | 10-12 || total
-------------------------+-------+-------+-------+-------++-------
Melee: War axe           |   118 |    42 |       |       ||   160
       Tailslap          |     6 |     7 |    15 |    32 ||    60
       Long sword        |       |    48 |   163 |   204 ||   415
Invok: Fiery Armour      |       |     1 |       |     1 ||     2
       Foxfire Swarm     |       |       |     1 |     2 ||     3
 Abil: Rolling Charge    |    22 |    18 |    43 |    36 ||   119
  Use: Scroll            |       |       |     6 |     4 ||    10
       Potion            |       |       |       |     2 ||     2
Armor: Scale mail        |    77 |    37 |    52 |    25 ||   191
       Ring mail         |       |       |       |    84 ||    84
Dodge: Dodged            |    45 |    29 |    37 |    87 ||   198
Block: Buckler           |    20 |    16 |    37 |    69 ||   142

Table legend: (Time is in decaauts)
 A = Elapsed time spent in this place.
 B = Non-inter-level travel time spent in this place.
 C = Inter-level travel time spent in this place.
 D = Time resting spent in this place.
 E = Time spent auto-exploring this place.
 F = Levels seen in this place.
 G = Mean time per level.
                   A        B        C        D        E       F      G
               +--------+--------+--------+--------+--------+-----+--------+
         Total |  12236 |  11726 |    510 |   2091 |   6632 |  13 |  941.2 |
       Dungeon |  11912 |  11410 |    502 |   2091 |   6331 |  12 |  992.7 |
        Temple |    323 |    315 |      8 |      0 |    301 |   1 |  323.0 |
               +--------+--------+--------+--------+--------+-----+--------+

Top non-repeatable levels by time:
     D:9: 1810 daAuts
    D:11: 1723 daAuts
     D:6: 1202 daAuts
    D:10: 1111 daAuts
     D:4: 1042 daAuts
     D:8: 965 daAuts
     D:7: 945 daAuts
     D:1: 886 daAuts
     D:3: 800 daAuts
     D:5: 705 daAuts
     D:2: 692 daAuts
  Temple: 323 daAuts
    D:12: 29 daAuts
